 Dungeon Crawl Stone Soup version 0.22.0-49-gab54619674 (webtiles) character file.

1968 Americanboy the Cleaver (level 9, -11/78 HPs)
             Began as a Minotaur Fighter on Sept 9, 2018.
             Was a Believer of Okawaru.
             Killed from afar by an electric eel (13 damage)
             ... with a bolt of electricity
             ... on level 6 of the Dungeon.
             The game lasted 00:08:32 (4241 turns).

Americanboy the Cleaver (Minotaur Fighter)          Turns: 4241, Time: 00:08:32

Health: -11/78     AC: 13    Str: 29    XL:     9   Next: 0%
Magic:  8/8        EV:  7    Int:  5    God:    Okawaru [**....]
Gold:   222        SH: 15    Dex: 10    Spells: 8/8 levels left

rFire    . . .     SeeInvis .   a - +1 war axe
rCold    + . .     Gourm    .   c - +0 shield
rNeg     + . .     Faith    .   u - +0 plate armour
rPois    .         Spirit   .   (helmet restricted)
rElec    .         Reflect  +   (no cloak)
rCorr    .         Harm     .   v - +0 pair of gloves
MR       .....                  (no boots)
Stlth    ..........             j - +4 amulet of reflection
HPRegen  0.23/turn              k - ring of positive energy
MPRegen  0.11/turn              m - ring of protection from cold

@: mighty, very slow
A: retaliatory headbutt, horns 2
a: Heroism, Renounce Religion


You were on level 6 of the Dungeon.
You worshipped Okawaru.
Okawaru was pleased with you.
You were not hungry.

You visited 2 branches of the dungeon, and saw 7 of its levels.

You collected 222 gold pieces.

Inventory:

Hand Weapons
 a - a +1 war axe (weapon)
Armour
 c - a +0 shield (worn)
 r - the +0 robe "Gefoh" {rPois Regen+ rCorr}
   (You found it on level 4 of the Dungeon)

   It protects you from poison.
   It increases your rate of regeneration.
   It provides partial protection from all sources of acid and corrosion.
 u - a +0 plate armour (worn)
 v - a +0 pair of gloves (worn)
Jewellery
 j - a +4 amulet of reflection (around neck)
 k - a ring of positive energy (left hand)
 l - an uncursed ring of fire
 m - a ring of protection from cold (right hand)
Wands
 n - a wand of iceblast (3)
 s - a wand of flame (28)
Scrolls
 g - 3 scrolls of remove curse
 t - a scroll of magic mapping
 w - a scroll of enchant armour {unknown}
Potions
 b - 2 potions of cancellation {unknown}
 d - a potion of might
 e - a potion of resistance {unknown}
 f - a potion of invisibility {unknown}
 h - 3 potions of curing {unknown}
 i - a potion of lignification {unknown}
 o - a potion of mutation {unknown}
 p - a potion of magic {unknown}
Comestibles
 q - 6 rations
 x - a chunk of flesh


   Skills:
 + Level 6.5 Fighting
 + Level 9.6 Axes
 + Level 5.9 Armour
 + Level 3.1 Dodging
 + Level 1.0 Stealth
 + Level 7.0 Shields
 + Level 1.1 Evocations


You had 8 spell levels left.
You didn't know any spells.
Your spell library was empty.

Dungeon Overview and Level Annotations

Branches:
Dungeon (6/15)             Temple (1/1) D:4

Altars:
Dithmenos
Fedhas
Gozag
Hepliaklqana
Kikubaaqudgha
Makhleb
Okawaru
Qazlal
Ru
Trog
Uskayaw
Vehumet
Wu Jian
Xom
Zin
The Shining One


Innate Abilities, Weirdness & Mutations

You reflexively headbutt those who attack you in melee.
You have a pair of horns on your head.


Message History

The slug dart hits you!
You miss the electric eel.
The electric eel is lightly wounded.
The electric eel shoots out a bolt of lightning at you!
The bolt of electricity hits you!
* * * LOW HITPOINT WARNING * * *
Your unstable footing causes you to fumble your attack.
The dart slug launches a dart at you. The slug dart misses you.
Your unstable footing causes you to fumble your attack.
Okay, then.
You feel very mighty all of a sudden.
The electric eel shoots out a bolt of lightning at you!
The bolt of electricity hits you!
* * * LOW HITPOINT WARNING * * *
You closely miss the electric eel.
The electric eel is lightly wounded.
The electric eel shoots out a bolt of lightning at you!
The bolt of electricity hits you!
You die...

≈≈≈#≈≈≈.≈≈≈≈≈≈≈
##≈≈≈≈.(.≈≈≈≈≈≈≈#.#
≈≈≈≈≈≈.<.≈≈≈≈≈≈...
≈≈≈≈≈≈.(.w≈≈≈≈#≈.
≈≈#≈≈≈≈?≈≈≈≈≈≈≈≈ #
≈≈≈≈≈≈..≈≈≈≈≈w≈#.#
.≈≈;≈≈.?.≈≈≈≈≈.. ##
#≈w≈≈≈..≈≈#;#≈# .#
###≈≈##≈≈≈≈≈@####.#
#.≈≈≈≈≈≈≈.#.....#.# .. .#
#≈≈.≈≈##'.....#.# #.#.#
###.## #......#.# ... #.
##.....#.## ... ###.###
#.....#.##.##.##. .......
#.......# ..... .......
###.....#####.###
.......####.....#..)...<.


You could see an electric eel and 2 dart slugs.

Vanquished Creatures
  Sigmund (D:5)
  2 ice beasts
  A phantom (D:4)
  4 ogres
  A sky beast (D:5)
  A centaur (D:5)
  A big kobold (D:4)
  4 wights (D:6)
  An electric eel (D:6)
  3 crimson imps
  2 bullfrog zombies
  3 jellies
  2 hounds
  A centaur skeleton (D:5)
  An iguana (D:5)
  2 orc wizards (D:5)
  5 worker ants
  A killer bee zombie (D:5)
  3 gnolls (D:5)
  5 adders
  2 oozes
  3 worms
  6 dart slugs
  4 leopard geckos
  9 orcs
  3 ball pythons (D:2)
  12 bats
  5 giant cockroaches
  5 goblins
  4 hobgoblins
  9 jackals
  7 kobolds
  2 quokkas (D:3)
  5 frilled lizards
  8 rats
128 creatures vanquished.

Notes
Turn   | Place    | Note
-------+----------+-------------------------------------------
     0 | D:1      | Americanboy the Minotaur Fighter began the quest for the
                  | Orb.
     0 | D:1      | Reached XP level 1. HP: 19/19 MP: 0/0
   225 | D:1      | Reached XP level 2. HP: 21/27 MP: 1/1
   903 | D:2      | Reached XP level 3. HP: 16/33 MP: 2/2
  1194 | D:2      | Reached skill level 3 in Axes
  1322 | D:2      | Found a stormy altar of Qazlal.
  1605 | D:3      | Reached XP level 4. HP: 39/40 MP: 3/3
  1691 | D:3      | Reached skill level 1 in Dodging
  2441 | D:4      | Reached skill level 4 in Axes
  2474 | D:4      | Reached XP level 5. HP: 20/46 MP: 4/4
  2703 | D:4      | Reached skill level 5 in Axes
  2800 | D:4      | Reached XP level 6. HP: 49/53 MP: 5/5
  2821 | D:4      | Got a heavy robe
  2832 | D:4      | Identified the cursed +0 robe "Gefoh" {rPois Regen+ rCorr}
                  | (You found it on level 4 of the Dungeon)
  2887 | D:4      | Reached skill level 5 in Shields
  2929 | D:4      | Noticed an ice beast
  2941 | D:4      | Killed an ice beast
  2941 | D:4      | Reached skill level 6 in Axes
  2956 | D:4      | Reached skill level 5 in Armour
  2956 | D:4      | Reached XP level 7. HP: 34/60 MP: 6/6
  3051 | D:4      | Found a staircase to the Ecumenical Temple.
  3062 | Temple   | Entered the Ecumenical Temple
  3091 | Temple   | Became a worshipper of Warmaster Okawaru
  3234 | D:5      | Entered Level 5 of the Dungeon
  3249 | D:5      | Reached skill level 5 in Fighting
  3264 | D:5      | Reached skill level 7 in Axes
  3371 | D:5      | Reached XP level 8. HP: 44/69 MP: 7/7
  3444 | D:5      | Noticed Sigmund
  3453 | D:5      | Killed Sigmund
  3453 | D:5      | Reached * piety under Okawaru
  3456 | D:5      | Reached skill level 8 in Axes
  3529 | D:5      | Found a shimmering altar of Xom.
  3801 | D:5      | Reached skill level 1 in Evocations
  3917 | D:5      | Reached skill level 1 in Stealth
  4133 | D:6      | Reached skill level 9 in Axes
  4155 | D:6      | Reached ** piety under Okawaru
  4213 | D:6      | Reached XP level 9. HP: 56/78 MP: 8/8
  4240 | D:6      | HP: 2/78 [electric eel/bolt of electricity (13)]
  4241 | D:6      | Killed from afar by an electric eel

Skill      XL: |  1  2  3  4  5  6  7  8 |
---------------+-------------------------+-----
Armour         | 4 5 |  5.9
Fighting       | 4 5 6 |  6.5
Shields        | 4 5 6 7 |  7.0
Axes           | 3 4 5 6 7 9 |  9.6
Dodging        | 1 2 3 |  3.1
Evocations     | 1 |  1.1
Stealth        | 1 |  1.0

Action                   |  1- 3 |  4- 6 |  7- 9 || total
-------------------------+-------+-------+-------++-------
Melee: War axe           |    89 |   116 |   127 ||   332
       Headbutt          |     7 |    19 |    24 ||    50
Evoke: Wand              |       |     2 |     5 ||     7
  Use: Scroll            |     2 |     4 |     1 ||     7
       Potion            |       |       |     2 ||     2
  Eat: Ration            |     1 |     1 |       ||     2
       Chunk             |     1 |       |     3 ||     4
Armor: Scale mail        |    52 |    34 |    12 ||    98
       Plate armour      |       |       |    29 ||    29
Dodge: Dodged            |    24 |    34 |    22 ||    80
Block: Shield            |    49 |    92 |    90 ||   231
       Reflection        |       |       |     5 ||     5
